 Dungeon Crawl Stone Soup version 0.30-a0-840-ga523dec638 (webtiles) character file.

Game seed: 3889800872408231420

963 Pimp the Covered (level 7, -5/58 (64) HPs)
             Began as an Armataur Fighter on Mar 1, 2023.
             Was a Follower of Okawaru.
             Slain by a wight
             ... wielding a +2 great sword
              (7 damage)
             ... on level 6 of the Dungeon.
             The game lasted 00:07:32 (4459 turns).

Pimp the Covered (Armataur Fighter)                 Turns: 4459, Time: 00:07:32

HP:   -5/58 (64)    AC: 11    Str: 27    XL:     7   Next: 92%
MP:   7/7           EV:  4    Int:  7    God:    Okawaru [*.....]
Gold: 358           SH:  9    Dex:  9    Spells: 6/6 levels left

rFire   . . .      SeeInvis .    a - +2 war axe
rCold   . . .      Faith    .    f - +0 kite shield
rNeg    . . .      Spirit   .    d - +0 plate armour
rPois   .          Reflect  .    t - +0 hat
rElec   .          Harm     .    (no cloak)
rCorr   .          Roll     +    (no gloves)
Will    .....                    (no barding) Stlth
                                 (no amulet)
HPRegen 0.29/turn                (no ring)
MPRegen 0.10/turn                (no ring)

@: drained, unable to drink
A: large, rugged brown scales 3, deformed body, armoured tail, roll, long
tongue, awkward tongue, screaming 2, strong 1, wild magic 1, inability to drink
after injury 1, noise suppression
a: Renounce Religion, Heroism


You were on level 6 of the Dungeon.
You worshipped Okawaru.
Okawaru was aware of your devotion.
You visited 2 branches of the dungeon, and saw 7 of its levels.

You collected 358 gold pieces.

Inventory:

Hand Weapons
 a - a +2 war axe (weapon)
Missiles
 i - 2 curare-tipped darts
 m - 2 atropa-tipped darts (quivered)
Armour
 b - a +0 scale mail
 c - a +0 buckler
 d - a +0 plate armour (worn)
 f - a +0 kite shield (worn)
 l - a +0 chain mail
 t - a +0 hat (worn)
Wands
 u - a wand of quicksilver (6)
Scrolls
 g - a scroll of fear
 h - 2 scrolls of magic mapping
 j - 5 scrolls of teleportation
 n - a scroll of blinking
 o - 10 scrolls of identify
 q - a scroll of silence {unknown}
 r - 2 scrolls of poison {unknown}
 s - a scroll of enchant armour {unknown}
 v - a scroll of amnesia
Potions
 e - 6 potions of flight
 k - 4 potions of curing
 p - 3 potions of heal wounds


   Skills:
 + Level 4.9 Fighting
 + Level 4.0 Axes
 + Level 6.6 Armour
 + Level 5.9 Shields


You had 6 spell levels left.
You didn't know any spells.
Your spell library contained the following spells:

 Spells                   Type           Power      Damage    Failure   Level
 Ensorcelled Hibernation  Hex/Ice        0%         N/A       100%        2
 Ozocubu's Armour         Ice            0%         N/A       100%        3
 Spider Form              Tmut/Pois      0%         N/A       100%        3
 Stone Arrow              Conj/Erth      0%         3d7       100%        3
 Anguish                  Hex/Necr       0%         N/A       100%        4
 Eringya's Noxious Bog    Tmut/Pois      0%         N/A       100%        6
 Ozocubu's Refrigeration  Ice            0%         4d7       100%        7
 Lehudib's Crystal Spear  Conj/Erth      0%         10d2      100%        8
 Animate Armour           Summ/Erth      Unusable   N/A       N/A         4
 Summon Forest            Summ/Tloc      Unusable   N/A       N/A         5
 Summon Hydra             Summ           Unusable   N/A       N/A         7

Dungeon Overview and Level Annotations

Branches:
Dungeon (6/15)             Temple (1/1) D:4

Altars:
Cheibriados
Elyvilon
Gozag
Makhleb
Nemelex Xobeh
Okawaru
Qazlal
Trog
Uskayaw
Vehumet
Wu Jian
Xom
Yredelemnul


Innate Abilities, Weirdness & Mutations

You are completely covered in rugged brown scales. (AC +3, +7% HP)
Armour fits poorly on your strangely shaped body.
You have a long armoured tail.
You roll when moving toward enemies. (Rampage)
Your long tongue fully drains potion bottles. (2x potion effects)
Your tongue gives you trouble enunciating. (1.5x scroll delay)
You frequently scream uncontrollably at your foes.
Your muscles are strong. (Str +4, Int/Dex -1)
Your spells are a little harder to cast, but a little more powerful.
You occasionally lose the ability to drink potions when taking damage.
You passively dampen the noise of your surroundings.


Message History

a +3 dire flail; a +0 robe You start resting.
You hear the slow hiss of a distant avalanche of sand.
HP restored. 4 wights come into view.
The wight moves out of view.
You hit the wight.
The wight is lightly damaged.
You block the wight's attack.
You closely miss the wight. The wight hits you with a +5 war axe.
The wight hits you with a +2 great sword!
You slash the wight!
The wight is severely damaged.
You hit the wight. The wight hits you with a +5 war axe!
The wight hits you with a +2 great sword.
You feel drained. You block the wight's attack.
The wight hits you with a +5 war axe!
You hit the wight.
The wight is almost destroyed.
You closely miss the wight. The wight hits you but does no damage.
You block the wight's attack.
You barely miss the wight.
Your tail-slap misses the wight.
The wight is almost destroyed.
You barely miss the wight. You block the wight's attack. x3
The wight hits you with a +2 great sword!
You feel threatened and lose the ability to drink potions!
You feel drained.
You closely miss the wight.
The wight is almost destroyed.
You closely miss the wight. You block the wight's attack.
The wight hits you with a +2 great sword.
You completely miss the wight.
Your tail-slap misses the wight.
The wight is almost destroyed.
You hit the wight. The wight hits you with a +5 war axe!
* * * LOW HITPOINT WARNING * * *
The wight hits you with a +2 great sword!
* * * LOW HITPOINT WARNING * * *
You feel drained.
You die...

##+#......
#.....#
+.<...#
#.....#
#.....+
#.....#
###).##
##.#####..#
....zzz@z.♣
##.######~♣
~~~ ~P~~~
~♣P~~P
~P~PP~
♣P~~~~


You could see 4 wights.

Vanquished Creatures
  An ice beast (D:5)
  A black bear (D:4)
  An orc warrior (D:5)
  A centaur (D:5)
  A phantom (D:5)
  A scorpion (D:5)
  A wight (D:6)
  2 hounds (D:5)
  3 jellies
  2 orc priests
  3 iguanas
  4 adders
  A white imp (D:5)
  A worm (D:4)
  2 dart slugs
  15 orcs
  5 ball pythons
  4 bats
  5 endoplasms
  7 giant cockroaches
  6 goblins
  9 hobgoblins
  7 jackals
  9 kobolds
  2 quokkas
  A frilled lizard (D:2)
  6 rats
101 creatures vanquished.

Notes
Turn   | Place    | Note
-------+----------+-------------------------------------------
     0 | D:1      | Pimp the Armataur Fighter began the quest for the Orb.
     0 | D:1      | Reached XP level 1. HP: 19/19 MP: 1/1
   281 | D:1      | Reached XP level 2. HP: 26/26 MP: 2/2
   746 | D:2      | Reached skill level 4 in Armour
   791 | D:2      | Reached XP level 3. HP: 22/33 MP: 3/3
  1314 | D:2      | Reached XP level 4. HP: 40/40 MP: 4/4
  1551 | D:3      | Found a snail-covered altar of Cheibriados.
  1759 | D:3      | Gained mutation: You are agile. (Dex +4, Str/Int -1)
                  | [potion of mutation]
  1759 | D:3      | Gained mutation: You are frail. (-10% HP) [potion of
                  | mutation]
  1759 | D:3      | Gained mutation: You are very agile. (Dex +8, Str/Int -2)
                  | [potion of mutation]
  1759 | D:3      | Gained mutation: Potions are less effective at restoring
                  | your health. [potion of mutation]
  1759 | D:3      | Lost mutation: You are very agile. (Dex +8, Str/Int -2)
                  | [potion of mutation]
  1759 | D:3      | Gained mutation: Your spells are a little harder to cast,
                  | but a little more powerful. [potion of mutation]
  1759 | D:3      | Gained mutation: You expend magic power (3 MP) to
                  | strengthen your wands. [potion of mutation]
  2524 | D:4      | Reached XP level 5. HP: 25/43 MP: 5/5
  2821 | D:4      | Noticed a black bear
  2829 | D:4      | Killed a black bear
  2830 | D:4      | Reached skill level 5 in Armour
  2830 | D:4      | Reached XP level 6. HP: 43/50 MP: 6/6
  2926 | D:4      | Found a staircase to the Ecumenical Temple.
  2940 | Temple   | Entered the Ecumenical Temple
  2983 | Temple   | Became a worshipper of Warmaster Okawaru
  3309 | D:5      | Entered Level 5 of the Dungeon
  3395 | D:5      | Noticed an orc warrior
  3408 | D:5      | Killed an orc warrior
  3409 | D:5      | Reached skill level 5 in Shields
  3527 | D:5      | Noticed an ice beast
  3534 | D:5      | Killed an ice beast
  3535 | D:5      | Reached XP level 7. HP: 51/58 MP: 7/7
  3611 | D:5      | Found a large runed translucent door.
  3612 | D:5      | Found a large runed translucent door.
  3649 | D:5      | Found a hide-covered altar of Uskayaw.
  3658 | D:5      | Reached * piety under Okawaru
  3659 | D:5      | Reached skill level 6 in Armour
  3763 | D:5      | Identified the +9 shortbow of Courage {flame, +Blink rC+
                  | Will- Str+2}
  4282 | D:5      | Found a stormy altar of Qazlal.
  4292 | D:5      | Lost mutation: You are frail. (-10% HP) [potion of
                  | mutation]
  4292 | D:5      | Lost mutation: You are agile. (Dex +4, Str/Int -1) [potion
                  | of mutation]
  4292 | D:5      | Lost mutation: You expend magic power (3 MP) to strengthen
                  | your wands. [potion of mutation]
  4292 | D:5      | Lost mutation: Potions are less effective at restoring your
                  | health. [potion of mutation]
  4292 | D:5      | Gained mutation: You occasionally shout uncontrollably at
                  | your foes. [potion of mutation]
  4292 | D:5      | Gained mutation: You frequently scream uncontrollably at
                  | your foes. [potion of mutation]
  4292 | D:5      | Gained mutation: You occasionally lose the ability to drink
                  | potions when taking damage. [potion of mutation]
  4292 | D:5      | Gained mutation: You passively dampen the noise of your
                  | surroundings. [potion of mutation]
  4292 | D:5      | Gained mutation: Your muscles are strong. (Str +4, Int/Dex
                  | -1) [potion of mutation]
  4345 | D:5      | Found a white marble altar of Elyvilon.
  4459 | D:6      | HP: 2/60 [wight/+2 great sword (16)]
  4459 | D:6      | Slain by a wight

Illustrated notes

Levels and vault maps discovered:
D:1:      lightli_arrival_flooded_house, layout_loops_ring
D:2:      minmay_spotlight, layout_loops_cross
D:3:      layout_loops_cross, old_standard_altar, serial_co_window_serial,
          co_window_of_opportunity_a, co_window_paths_b, co_window_corner_a,
          co_window_paths_b, co_window_corner_a, co_window_paths_b,
          co_window_corner_a, co_window_corner_a, co_window_paths_b,
          co_window_cross_2, co_window_broadway_a, co_window_corner_ca,
          co_window_corner_b, glass_columns_b, glass_columns_a, glass_columns_b,
          glass_columns_a, glass_columns_b
D:4:      layout_basic, minmay_temple_entry_glass
D:5:      layout_basic, jmf_multi_god_temple2, eat_drink_and_be_merry_uskayaw,
          chequers_serial_rivers_micro_e
D:6:      layout_basic, zin_angel, serial_bayou, serial_bayou_lake_a,
          serial_bayou_pond_d, serial_bayou_pond_b, serial_bayou_pond_a,
          serial_bayou_shore_b, serial_bayou_crossing,
          chequers_ossuary_entry_cave, nrook_mini_vaults
Temple:   regret_index_temple_waves

Skill      XL: |  1  2  3  4  5  6  7 |
---------------+----------------------+-----
Armour         | 4 5 6 |  6.6
Fighting       | 3 4 |  4.9
Axes           | 2 3 4 |  4.0
Shields        | 4 5 |  5.9

Action                     |  1- 3 |  4- 6 |  7- 9 || total
---------------------------+-------+-------+-------++-------
  Melee: War axe           |    89 |   144 |    46 ||   279
         Tailslap          |     6 |    15 |     9 ||    30
    Use: Scroll            |     5 |     5 |       ||    10
         Potion            |       |     4 |     1 ||     5
 Armour: Scale mail        |    15 |       |       ||    15
         Chain mail        |    42 |    73 |       ||   115
         Skin              |       |     6 |       ||     6
         Plate armour      |       |     2 |    35 ||    37
  Dodge: Dodged            |    26 |    36 |     8 ||    70
  Block: Buckler           |    28 |    27 |       ||    55
         Kite shield       |       |    28 |    32 ||    60

Table legend: (Time is in decaauts)
 A = Elapsed time spent in this place.
 B = Non-inter-level travel time spent in this place.
 C = Inter-level travel time spent in this place.
 D = Time resting spent in this place.
 E = Time spent auto-exploring this place.
 F = Levels seen in this place.
 G = Mean time per level.
                   A        B        C        D        E       F      G
               +--------+--------+--------+--------+--------+-----+--------+
         Total |   4585 |   4447 |    138 |    293 |   3226 |   7 |  655.0 |
       Dungeon |   4509 |   4402 |    107 |    293 |   3199 |   6 |  751.5 |
        Temple |     75 |     44 |     31 |      0 |     27 |   1 |   75.0 |
               +--------+--------+--------+--------+--------+-----+--------+

Top non-repeatable levels by time:
     D:5: 1116 daAuts
     D:3: 1080 daAuts
     D:2: 805 daAuts
     D:4: 738 daAuts
     D:1: 699 daAuts
  Temple: 75 daAuts
     D:6: 70 daAuts
